Cogmind - Beta 12 @@@ ROGUE MODE // 2023.11.21 @ 01:22:13 Player: monistgf Result: Self-destructed Performance ------------- Evolutions (1) 500 Regions Visited (2) 400 Robots Destroyed (6) 30 Value Destroyed (228) 228 Prototype IDs (2) 40 Alien Tech Used (0) 0 Bonus (0) 0 TOTAL SCORE: 1198 Bonus ------- None Cogmind --------- Core Integrity 21/400 Matter 283/300 Energy 100/100 System Corruption 5% Temperature Cool (6) Movement Core (400) Ox7 Location -9/Materials Parts ------- > --- POWER (1) -------- (None) > --- PROPULSION (2) --- (None) > --- UTILITY (4) ------ Large Storage Unit > --- WEAPON (2) ------- Hammer > --- INVENTORY (15) --- Ion Engine Aluminum Leg Aluminum Leg Aluminum Leg Large Storage Unit Peak State ------------ > --- POWER ------------ Improved Ion Engine > --- PROPULSION ------- Wheel Wheel > --- UTILITY ---------- Large Storage Unit Sensor Array Light Armor Plating > --- WEAPON ----------- Assault Rifle Light Assault Rifle > --- INVENTORY -------- Ion Engine Ion Engine Light Treads Light Treads Aluminum Leg Aluminum Leg Large Storage Unit EM Pulse Gun [Rating: 9] Favorites ----------- Power Ion Engine Engine Ion Engine Propulsion Aluminum Leg Treads Light Treads Leg Aluminum Leg Wheel Wheel Utility Sensor Array Device Sensor Array Storage Large Storage Unit Protection Light Armor Plating Weapon Light Assault Rifle Energy Gun EM Pulse Gun Ballistic Gun Light Assault Rifle Impact Weapon Hammer Build | -11 -10 -9 ------- Run | Jun Mat Mat Slots Evolved 2 | . . 2 Power . | . . . Propulsion . | . . . Utility 2 | . . 2 Weapon . | . . . Parts Attached 12 | . . 12 Power 1 | . . 1 Engine 1 | . . 1 Core . | . . . Reactor . | . . . Propulsion 6 | . . 6 Treads 2 | . . 2 Leg 2 | . . 2 Wheel 2 | . . 2 Hover . | . . . Flight . | . . . Utility 3 | . . 3 Device 1 | . . 1 Storage 1 | . . 1 Processor . | . . . Hackware . | . . . Protection 1 | . . 1 Artifact . | . . . Weapon 2 | . . 2 Energy Gun 1 | . . 1 Energy Cannon . | . . . Ballistic Gun . | . . . Ballistic Cannon . | . . . Launcher . | . . . Special Weapon . | . . . Impact Weapon 1 | . . 1 Slashing Weapon . | . . . Piercing Weapon . | . . . Special Melee Weapon . | . . . Unidentified Prototypes . | . . . Parts Lost 10 | . . 10 Power 1 | . . 1 Propulsion 4 | . . 4 Utility 2 | . . 2 Weapon 3 | . . 3 Highest Loss Streak 10 | . . 10 To Critical Strikes . | . . . Average Slot Usage (%) 81 | . 85 78 Engine 11 | . 14 10 Leg 13 | . 28 2 Wheel 9 | . . 16 Device 6 | . . 10 Storage 12 | . 14 11 Protection 3 | . . 6 Ballistic Gun 22 | . 28 19 Naked Turns . | . . . Heaviest Build 34 | 13 13 34 Greatest Support 40 | 20 20 40 Greatest Overweight (x) 3 | . . 3 Average Overweight (x) . | . . . Largest Inventory Capacity 15 | . 8 15 Average Capacity 11 | . 8 14 Most Carried 8 | . 7 8 Average Carried 6 | . 6 6 Final Capacity 15 | 8 8 15 Final Carried 7 | 6 7 5 Class Distribution -------------------- 100% | Mutant Dominant Class ---------------- Mutant | -10/Materials Mutant | -9/Materials Resources | -11 -10 -9 ----------- Run | Jun Mat Mat Matter Collected 333 | 199 33 101 Remotely . | . . . Salvage Created 292 | . 33 259 Parts 14 | . 2 12 Haulers Intercepted . | . . . Recyclers Shooed . | . . . Parts Field Recycled . | . . . Retrieved Matter . | . . . Parts Self-Destructed . | . . . Prevented . | . . . Kills | -11 -10 -9 ------- Run | Jun Mat Mat Combat Hostiles Destroyed 6 | . 1 5 Guns 6 | . 1 5 Classes Destroyed 3 | . 1 2 Grunt 3 | . 1 2 Brawler 1 | . . 1 Sentry 2 | . . 2 Best Kill Streak 4 | . 1 4 Combat Bots Only 4 | . 1 4 Max Kills in Single Turn 1 | . 1 1 Gunslinging . | . . . Exploded . | . . . Melee . | . . . Uniques/NPCs Destroyed . | . . . Combat | -11 -10 -9 -------- Run | Jun Mat Mat Damage Taken 1538 | . 100 1438 Core 400 | . 21 379 Absorbed by Shields . | . . . Core Remaining (%) 95 | 100 91 . Volleys Fired 27 | . 11 16 Largest 2 | . 2 2 Hottest 60 | . 40 60 Shots Fired 49 | . 22 27 Gun 49 | . 22 27 Cannon . | . . . Launcher . | . . . Special . | . . . Kinetic 47 | . 22 25 Thermal . | . . . Explosive . | . . . Electromagnetic 2 | . . 2 Robot Hit Streak 8 | . 4 8 Robot Miss Streak 4 | . 4 4 Penetration Max . | . . . Secondary Targets 1 | . . 1 Max Gunslinging Chain 1 | . . 1 Shots Hit Robots 31 | . 13 18 Core Hits 12 | . 2 10 Critical Kills . | . . . Critical Parts Destroyed . | . . . Critical Strikes . | . . . Melee Attacks 1 | . . 1 Impact 1 | . . 1 Slashing . | . . . Piercing . | . . . Sneak Attacks . | . . . Combat Hostiles . | . . . Follow-up Attacks . | . . . Damage Inflicted 332 | . 129 203 Guns 320 | . 129 191 Cannons . | . . . Explosions . | . . . Melee 11 | . . 11 Ramming 1 | . . 1 Kinetic 299 | . 129 170 Thermal . | . . . Explosive . | . . . Electromagnetic 21 | . . 21 Impact 11 | . . 11 Slashing . | . . . Piercing . | . . . Highest Corruption 5 | . . 5 Average Corruption 2 | . . 2 Corruption Purged . | . . . Corruption Blocked . | . . . Effects 2 | . . 2 Message Errors 1 | . . 1 Energy Discharges 1 | . . 1 Overload Shots . | . . . Overflow Damage . | . . . Projectiles . | . . . Explosions . | . . . Melee . | . . . Knockbacks . | . . . Impact . | . . . Kinetic . | . . . Secondary . | . . . Self-Inflicted Damage . | . . . Shots . | . . . Rammed 2 | . . 2 Targets Rammed 2 | . . 2 Kicked . | . . . Crushed . | . . . Highest Temperature 81 | . 6 81 Average Temperature 20 | . 6 23 Received Heat Transfer 753 | . 54 699 Siege Activations . | . . . Robots Corrupted . | . . . Combat Hostiles . | . . . Parts Fried . | . . . Impact Corruptions . | . . . Robots Melted . | . . . Combat Hostiles . | . . . Parts Melted 1 | . . 1 Heat Transferred . | . . . Parts Sabotaged . | . . . Parts Stolen . | . . . Parts Stripped . | . . . Power Chain Reactions . | . . . Missiles Intercepted . | . . . Alert | -11 -10 -9 ------- Run | Jun Mat Mat Peak Influence 254 | . 72 254 Initial 29 | . . 29 Average 80 | . 45 106 Maximum Alert Level 1 | . . 1 Low Security (%) 88 | . 100 80 Level 1 11 | . . 19 Level 2 . | . . . Level 3 . | . . . Level 4 . | . . . Level 5 . | . . . High Security . | . . . Max Security . | . . . Squads Dispatched 4 | . 1 3 Investigation 2 | . . 2 Extermination . | . . . Reinforcement 2 | . 1 1 Assault . | . . . Garrison . | . . . Intercept . | . . . Searches Triggered . | . . . Construction Impeded . | . . . Haulers Reinforced . | . . . Active Scanning Responses . | . . . Cargo Convoy Interrupts . | . . . Stealth | -11 -10 -9 --------- Run | Jun Mat Mat Distress Signals 1 | . . 1 Communications Jammed . | . . . Distress Signals . | . . . Times Spotted 24 | . 4 20 Peak Tracking Total 15 | . 3 15 Tactical Retreats 2 | . . 2 Traps | -11 -10 -9 ------- Run | Jun Mat Mat Traps Triggered 1 | . . 1 Indirectly . | . . . Trap Hack Attempts . | . . . Triggered . | . . . Disarmed . | . . . Reprogrammed . | . . . Reused . | . . . Traps Extracted . | . . . Installed . | . . . Triggered . | . . . Machines | -11 -10 -9 ---------- Run | Jun Mat Mat Machines Disabled . | . . . Max in Single Turn . | . . . Machines Repaired . | . . . Machines Sabotaged . | . . . Overloaded Fab Kills . | . . . Hacking | -11 -10 -9 --------- Run | Jun Mat Mat Machines Accessed 2 | . 1 1 Terminals 2 | . 1 1 Fabricators . | . . . Repair Stations . | . . . Recycling Units . | . . . Scanalyzers . | . . . Garrison Access . | . . . Total Hacks 7 | . 5 2 Successful 3 | . 3 . Failed 4 | . 2 2 Catastrophic . | . . . Database Lockouts . | . . . Manual 6 | . 4 2 Terminals 7 | . 5 2 Fabricators . | . . . Repair Stations . | . . . Recycling Units . | . . . Scanalyzers . | . . . Garrison Access . | . . . Terminal Hacks 3 | . 3 . Robot Analysis 2 | . 2 . Prototype ID Bank 1 | . 1 . Fabricator Hacks . | . . . Repair Station Hacks . | . . . Recycling Unit Hacks . | . . . Scanalyzer . | . . . Garrison Access Hacks . | . . . Unauthorized Hacks . | . . . Terminals . | . . . Fabricators . | . . . Repair Stations . | . . . Recycling Units . | . . . Scanalyzers . | . . . Garrison Access . | . . . Data Cores Recovered . | . . . Used . | . . . Hacking Detections 2 | . 1 1 Full Trace Events 1 | . . 1 Feedback Events 1 | . . 1 Corruption 1 | . . 1 Feedback Blocked . | . . . Robot Schematics Acquired . | . . . Robots Built . | . . . Authchips . | . . . Time . | . . . Total Robot Build Rating . | . . . Part Schematics Acquired . | . . . Parts Built . | . . . Authchips . | . . . Time . | . . . Total Part Build Rating . | . . . Parts Repaired . | . . . Time . | . . . Parts Recycled . | . . . Recycled Matter . | . . . Retrieved Matter . | . . . Retrieved Components . | . . . Parts Scanalyzed . | . . . Part Schematics Acquired . | . . . Parts Damaged . | . . . Bothacking | -11 -10 -9 ------------ Run | Jun Mat Mat Used RIF Installer . | . . . Robots Hacked . | . . . Non-combat . | . . . Combat . | . . . Robot Hacks Applied . | . . . Relay Couplers Released . | . . . Fabnet Peak Effective % . | . . . Robots Rewired . | . . . Allies Hacked . | . . . Hacks Repelled . | . . . Allies | -11 -10 -9 -------- Run | Jun Mat Mat Total Allies . | . . . Largest Group . | . . . Highest-Rated Group . | . . . Highest-Rated Ally . | . . . Total Orders . | . . . Ally Attacks . | . . . Total Damage . | . . . Kills . | . . . Allies Corrupted . | . . . Allies Melted . | . . . Intel | -11 -10 -9 ------- Run | Jun Mat Mat Robot Analysis Total 2 | . 2 . Derelict Logs Recovered . | . . . Drone Launches . | . . . Drone Recoveries . | . . . Exploration | -11 -10 -9 ------------- Run | Jun Mat Mat Turns Passed 382 | . 163 219 Spaces Moved 248 | 1 108 139 Core . | . . . Treads 3 | . . 3 Legs 126 | 1 108 17 Wheels 119 | . . 119 Hover . | . . . Flight . | . . . Fastest Speed 95 | 120 120 95 Average Speed 109 | 120 120 100 Slowest Speed 240 | 120 120 240 Overloaded Moves . | . . . Propulsion Burnouts . | . . . Robots Hopped . | . . . Cave-ins Triggered . | . . . Exploration Rate (%) 18 | 2 32 20 Regions Visited 2 Branch Regions . Pre-discovered Areas . | . . . Known Exits Taken . | . . . Unknown Exits Taken 2 | 1 1 . Scrap Searched . | . . . Spaces Dug . | . . . Terrain Destroyed . | . . . Melee . | . . . Projectile . | . . . AOE . | . . . Terrain Rammed . | . . . Walls Destroyed . | . . . Machines Disabled . | . . . Actions | -11 -10 -9 --------- Run | Jun Mat Mat Total 305 | . 121 184 Wait 11 | . 2 9 Move 246 | . 107 139 Hop . | . . . Pick Up 2 | . 1 1 Fast Attach 5 | . . 5 Attach 3 | . . 3 Detach 2 | . . 2 Swap 4 | . . 4 Drop 2 | . . 2 Fire 27 | . 11 16 Melee 1 | . . 1 Ram 2 | . . 2 Kick . | . . . Crush . | . . . Escape Stasis . | . . . Rewire . | . . . Trap . | . . . Miscellaneous . | . . . Route ------- -11/Junkyard -10/Materials -9/Materials (discovered 1 exit: [*Sto]) History --------- Turn | Location | Event 1 | -11/Junkyard | Discovered new exit (range 0) 1 | -11/Junkyard | Entered Materials 134 | -10/Materials | Discovered new exit (range 15) 164 | -10/Materials | Entered another Materials area 164 | -9/Materials | Evolved 2 slots: Utility x2 222 | -9/Materials | Discovered new exit (range 5) 317 | -9/Materials | Build established: Mutant 375 | -9/Materials | Core integrity fell below 50% 380 | -9/Materials | Core integrity fell below 20% 383 | -9/Materials | Self-destructed Last Messages --------------- 00358_ R-06 Scavenger collects Wheel. 00358_ Critical hit (Burn: +37). 00359_ Wheel destroyed. 00361_ R-06 Scavenger collects Aluminum Leg. 00361_ Critical hit (Burn: +37). 00363_ Lgt. Assault Rifle destroyed. 00364_ R-06 Scavenger collects Ion Engine. 00368_ R-06 Scavenger collects Aluminum Leg. 00369_ Acquired Hammer. 00370_ M-13 Machinist repairs Y-45 Defender. 00370_ Imp. Ion Engine destroyed. 00371_ LBW=M5J6BB9KDU KY5U9V,